 Dungeon Crawl Stone Soup version 0.20-a0-556-g892c87b (webtiles) character file.

72 drasked the Firebug (level 4, -1/24 HPs)
             Began as a Deep Elf Fire Elementalist on Feb 4, 2017.
             Shot with a stone by a goblin (3 damage)
             ... led by Robin
             ... on level 2 of the Dungeon.
             The game lasted 00:04:46 (1640 turns).

drasked the Firebug (Deep Elf Fire Elementalist)    Turns: 1640, Time: 00:04:46

Health: -1/24      AC:  2    Str:  5    XL:     4   Next: 7%
Magic:  0/11       EV: 13    Int: 21    God:
Gold:   47         SH:  0    Dex: 15    Spells: 4/10 levels left

rFire    . . .     SeeInvis .   m - +0 dagger
rCold    . . .     Gourm    .   a - +0 robe
rNeg     . . .     Faith    .   (no shield)
rPois    .         Spirit   .   (no helmet)
rElec    .         Reflect  .   (no cloak)
rCorr    .         Harm     .   (no gloves)
MR       .....                  (no boots)
Stlth    ++........             (no amulet)
Regen    0.1/turn               (no ring)
                                (no ring)

@: no status effects
A: no striking features
a: no special abilities


You were on level 2 of the Dungeon.
You were very hungry.

You visited 1 branch of the dungeon, and saw 2 of its levels.

You collected 47 gold pieces.

Inventory:

Hand Weapons
 g - a +2 short sword of draining
   (You took it off a kobold on level 1 of the Dungeon)
 m - a +0 dagger (weapon)
   (You found it on level 2 of the Dungeon)
Armour
 a - a +0 robe (worn)
Scrolls
 e - a scroll of recharging {unknown}
 i - a scroll of teleportation {unknown}
 k - a scroll of noise {unknown}
 o - a scroll of identify {unknown}
 s - a scroll of enchant armour {unknown}
Potions
 f - 2 potions of curing {unknown}
 h - 2 potions of cancellation {unknown}
 j - a potion of lignification {unknown}
 l - a potion of brilliance {unknown}
 n - a potion of heal wounds {unknown}
 p - a potion of might {unknown}
Books
 b - a book of Flames
Comestibles
 c - 3 bread rations {@e1}
 d - a meat ration {@e2}
 r - a royal jelly


   Skills:
 - Level 2.4 Dodging
 - Level 2.4 Stealth
 + Level 3.5 Spellcasting
 * Level 3.3 Conjurations
 + Level 4.0 Fire Magic


You had 4 spell levels left.
You knew the following spells:

 Your Spells              Type           Power        Failure   Level  Hunger
a - Flame Tongue          Conj/Fire      ###..        2%          1    None
c - Conjure Flame         Conj/Fire      ###.....     10%         3    ###....
x - Throw Flame           Conj/Fire      ###...       4%          2    ##.....


Dungeon Overview and Level Annotations

Branches:
Dungeon (2/15)

Altars:


Message History

Sorry, you're not good enough to have a special ability.
You are feeling very hungry.
Okay, then.
There is a stone staircase leading up here.
Found a stone staircase leading down.
The goblin shouts!
The goblin unwields an uncursed club.
The goblin wields a hunting sling.
The goblin shoots a stone.
The stone hits you but does no damage.
A hobgoblin comes into view. It is wielding a club.
You see here a stone.
Robin's horned helmet rattles.
The goblin shouts!
The hobgoblin shouts!
You see here a stone.
You can't see any susceptible monsters within range! (Use Z to cast anyway.)
Aim: a goblin, wielding a club The flame tongue hits the goblin.
You now have 8/9 mp.
The fire roars!
You now have 5/9 mp.
Robin roars a battlecry!
The goblins go into a battle-frenzy!
Aim: a goblin, wielding a club (severely wounded, unusually strong)
The flame tongue hits the goblin.
You kill the goblin!
You now have 4/9 mp.
Aim: a hobgoblin, wielding a club (unusually strong)
The flame tongue hits the hobgoblin.
You kill the hobgoblin!
You now have 3/9 mp.
Aim: Robin, wielding a trident, wearing an animal skin, wearing a shiny helmet and carrying a wand of flame (?/48) {zapped: 1} The flame tongue hits Robin.
You now have 2/9 mp.
Aim: Robin, wielding a trident, wearing an animal skin, wearing a shiny helmet and carrying a wand of flame (?/48) {zapped: 1} (moderately wounded)
The flame tongue hits Robin.
Robin laughs in a distinctly smug fashion.
Aim: Robin, wielding a trident, wearing an animal skin, wearing a shiny helmet and carrying a wand of flame (?/48) {zapped: 1} (heavily wounded)
The flame tongue misses Robin.
Robin zaps a wand.
The puff of flame misses you.
You now have 1/9 mp.
Aim: Robin, wielding a trident, wearing an animal skin, wearing a shiny helmet and carrying a wand of flame (?/48) {zapped: 2} (heavily wounded)
The flame tongue hits Robin.
Robin appears unharmed.
Robin throws the goblin at you!
You now have 0/9 mp.
You don't have enough magic to cast that spell.
You closely miss the goblin.
The goblin unwields an uncursed hunting sling.
The goblin wields an uncursed club.
The goblin closely misses you. Robin throws the goblin at you!
You hit the goblin but do no damage. The goblin hits you with a dagger.
The goblin barely misses you.
You take 3 damage, and have 16/19 hp.
You closely miss the goblin. The goblin barely misses you.
The goblin misses you.
The goblin shouts!
You hit the goblin.
Robin hits you from afar with a trident.
The goblin closely misses you. The goblin barely misses you.
You take 4 damage, and have 12/19 hp.
MASSIVE DAMAGE!!
You hit the goblin.
You kill the goblin!
Robin flexes a bicep menacingly.
Robin roars a battlecry!
The goblin goes into a battle-frenzy!
The goblin closely misses you. Robin throws the goblin at you!
The goblin completely misses you.
Items here: ( )) † an uncursed club; an uncursed hunting sling; 17 stones; a goblin corpse You take 3 damage, and have 9/19 hp.
You hit the goblin. The goblin barely misses you.
You miss the goblin.
The goblin no longer looks unusually strong.
Robin misses you. The goblin hits you but does no damage.
You hit the goblin but do no damage. The goblin barely misses you.
Robin roars a battlecry!
The goblin goes into a battle-frenzy!
You closely miss the goblin. The goblin misses you. Robin barely misses you.
You hit the goblin.
You kill the goblin!
Robin zaps a wand.
The puff of flame hits you!
* * * LOW HITPOINT WARNING * * *
You take 7 damage, and have 2/19 hp.
MASSIVE DAMAGE!!
Aim: Robin, wielding a trident, wearing an animal skin, wearing a shiny helmet and carrying a wand of flame (?/48) {zapped: 3} (heavily wounded)
The flame tongue hits Robin.
You kill Robin!
Your Fire Magic skill increases to level 4!
You have reached level 4!
You feel clever.
The goblin unwields an uncursed dagger.
The goblin wields a hunting sling.
The goblin shoots a stone.
The stone hits you.
* * * LOW HITPOINT WARNING * * *
You now have 0/11 mp.
The goblin shoots a stone.
The stone misses you.
Things that are here:
a dagger; a goblin corpse The goblin shoots a stone.
The stone hits you.
You die...

..##...#g.## #... ### ###.#
#.## ..##..#..## #...##8###8#.#
##.# ...#...g.# #......ggg..g#
#..# ........##
#8....g..g..gg###.##
........######........†...##..#
............###8###8###8#....##
......####### ## ### ########
.........###############.#
..........)g).))@.(......###
.........###############...#
.........######............#
###.........<....######.<..#
....############...........#
.#### ########....# #....#
#....# ######


You could see a goblin.

Vanquished Creatures
  Robin (D:2)
  2 adders (D:2)
  4 hobgoblins
  7 jackals
  4 kobolds (D:1)
  2 quokkas (D:2)
  6 bats
  4 frilled lizards (D:1)
  8 goblins
  3 rats (D:1)
41 creatures vanquished.

Notes
Turn   | Place    | Note
-------+----------+-------------------------------------------
     0 | D:1      | drasked the Deep Elf Fire Elementalist began the quest for the Orb.
     0 | D:1      | Reached XP level 1. HP: 10/10 MP: 6/6
   203 | D:1      | Reached skill level 2 in Conjurations
   205 | D:1      | Reached XP level 2. HP: 15/15 MP: 1/8
   915 | D:2      | Learned a level 2 spell: Throw Flame
   990 | D:2      | Reached XP level 3. HP: 19/19 MP: 6/9
   995 | D:2      | Learned a level 3 spell: Conjure Flame
  1113 | D:2      | Reached skill level 3 in Conjurations
  1387 | D:2      | Noticed Robin
  1637 | D:2      | HP: 2/19 [Robin/wand of flame (?/48) (7)]
  1638 | D:2      | Killed Robin
  1638 | D:2      | Reached skill level 4 in Fire Magic
  1638 | D:2      | Reached XP level 4. HP: 3/24 MP: 0/11
  1640 | D:2      | Shot with a stone by a goblin

Vault maps used:
D:1:      lightli_arrival_statuegarden, grunt_decor_arrowhead, st_stairs_9,
          nrook_loot_triangle
D:2:      serial_corexii_hall, corexii_hall_statues_t, corexii_hall_statues_l,
          corexii_hall_statues_l, corexii_hall_statues_i, uniq_robin

Skill      XL: |  1  2  3 |
---------------+----------+-----
Conjurations   | 2 3 |  3.3
Fire Magic     | 4 |  4.0
Dodging        | |  2.4
Stealth        | |  2.4
Spellcasting   | |  3.5

Action                   |  1- 3 |  4- 6 || total
-------------------------+-------+-------++-------
Melee: Dagger            |    13 |       ||    13
 Cast: Flame Tongue      |    73 |     1 ||    74
       Conjure Flame     |     2 |       ||     2
       Throw Flame       |     1 |       ||     1
  Eat: Chunk             |     1 |       ||     1
Armor: Robe              |    11 |       ||    11
Dodge: Dodged            |    43 |     1 ||    44

Vault maps used:
D:1:      lightli_arrival_statuegarden, grunt_decor_arrowhead, st_stairs_9,
          nrook_loot_triangle
D:2:      serial_corexii_hall, corexii_hall_statues_t, corexii_hall_statues_l,
          corexii_hall_statues_l, corexii_hall_statues_i, uniq_robin

Table legend:
 A = Turns spent in this place as a percentage of turns spent in the entire game.
 B = Non-inter-level travel turns spent in this place as a percentage of non-inter-level travel turns spent in the entire game.
 C = Inter-level travel turns spent in this place as a percentage of turns spent in this place.
 D = Turns resting spent in this place as a percentage of non-inter-level travel turns spent in this place.
 E = Turns spent auto-exploring this place as a percentage of non-inter-level travel turns spent in this place.
 F = Non-inter-level travel turns spent in this place divided by the number of levels of this place that you've seen.
                   A       B       C       D       E      F
               +-------+-------+-------+-------+-------+----------------------
         Total | 100.0 | 100.0 |   0.7 |   4.0 |   8.3 | 275.5
       Dungeon | 100.0 | 100.0 |   0.7 |   4.0 |   8.3 | 275.5
               +-------+-------+-------+-------+-------+----------------------

Table legend:
 A = Kills in this place as a percentage of kills in entire the game.
 B = Kills by you in this place as a percentage of kills by you in the entire game.
 C = Kills by friends in this place as a percentage of kills by friends in the entire game.
 D = Other kills in this place as a percentage of other kills in the entire game.
 E = Experience gained in this place as a percentage of experience gained in the entire game.
 F = Experience gained in this place divided by the number of levels of this place that you have seen.
                   A       B       C       D       E      F
               +-------+-------+-------+-------+-------+----------------------
         Total | 100.0 | 100.0 |  -nan |  -nan | 100.0 |  52.0
       Dungeon | 100.0 | 100.0 |  -nan |  -nan | 100.0 |  52.0
               +-------+-------+-------+-------+-------+----------------------
